 Dungeon Crawl Stone Soup version 0.17-a0-2069-g0f4ee5b (webtiles) character file.

181 4thArraOfDagon the Firebug (level 5, -9/31 HPs)
             Began as a High Elf Fire Elementalist on Oct 13, 2015.
             Was an Initiate of Vehumet.
             Mangled by an orc warrior
             ... wielding a +0 battleaxe
              (16 damage)
             ... on level 8 of the Dungeon.
             The game lasted 00:06:16 (1029 turns).

4thArraOfDagon the Firebug (HEFE)                   Turns: 1029, Time: 00:06:16

Health: -9/31      AC:  3    Str:  7    XL:     5   Next: 34%
Magic:  3/11       EV: 12    Int: 20    God:    Vehumet [......]
Gold:   54         SH:  0    Dex: 15    Spells: 3 memorised, 3 levels left

rFire  . . .     SeeInvis .     j - +2 quarterstaff (crush)
rCold  . . .     Clarity  .     a - +0 robe
rNeg   . . .     SustAt   .     (no shield)
rPois  .         Gourm    .     (no helmet)
rElec  .         Spirit   .     (no cloak)
rCorr  .         Warding  .     (no gloves)
rMut   .         Stasis   .     f - +0 pair of boots
MR     +....                    (no amulet)
Stlth  ++........               (no ring)
                                e - ring of protection from magic (curse)

@: somewhat resistant to hostile enchantments, unstealthy
A: no striking features
a: Renounce Religion


You were on level 8 of the Dungeon.
You worshipped Vehumet.
Vehumet was noncommittal.
You were not hungry.

You visited 2 branches of the dungeon, and saw 10 of its levels.

You collected 67 gold pieces.
You spent 13 gold pieces at shops.

Inventory:

Hand Weapons
 j - a +2 quarterstaff of crushing (weapon)
Missiles
 d - 2 curare-tipped needles
Armour
 a - a +0 robe (worn)
 f - a +0 pair of boots (worn)
Magical Staves
 n - an uncursed staff of poison
Jewellery
 e - a cursed ring of protection from magic (left hand)
Wands
 i - a wand of digging (16)
 o - a wand of confusion (35)
Potions
 k - a potion of curing
 l - a potion of brilliance {unknown}
 m - a potion of invisibility {unknown}
Books
 b - a book of Flames

   Spells                             Type                      Level
   a - Flame Tongue                   Conjuration/Fire             1
   b - Throw Flame                    Conjuration/Fire             2
   c - Conjure Flame                  Conjuration/Fire             3
   d - Inner Flame                    Hexes/Fire                   3
   e - Sticky Flame                   Conjuration/Fire             4
   f - Fireball                       Conjuration/Fire             5
Comestibles
 c - 2 bread rations
 g - a fruit
 h - a meat ration


   Skills:
 - Level 2.1 Dodging
 - Level 2.1 Stealth
 + Level 3.6 Spellcasting
 * Level 3.8 Conjurations
 * Level 4.2 Fire Magic


You had 3 spell levels left.
You knew the following spells:

 Your Spells              Type           Power        Failure   Level  Hunger
a - Flame Tongue          Conj/Fire      ###..        2%          1    None
b - Conjure Flame         Conj/Fire      ###.....     10%         3    ###....
c - Sticky Flame          Conj/Fire      ###.....     30%         4    ####...


Dungeon Overview and Level Annotations

Branches:
Dungeon (9/15)             Temple (1/1) D:7
   Lair: D:8-11         Orc: D:9-12

Altars:
Ashenzari
Dithmenos
Elyvilon
Gozag
Okawaru
Qazlal
Trog
Vehumet
Yredelemnul
Zin
The Shining One

Shops:
D:6 !

Annotations:
D:4 Sigmund


Message History

Unknown command.
Unknown command.
Unknown command.
The orc warrior burns!
Unknown command.
The orc warrior burns!
Unknown command.
The orc warrior burns!
The orc warrior stops burning.
Unknown command.
Unknown command.
Unknown command.
Evoke which item? (* to show all) (? for menu, Esc to quit)
Zapping:
o - a wand of confusion (will waste charges)
Press: ? - help, Shift-Dir - straight line, f/p - orc warrior
Aim: an orc warrior, wielding a battleaxe and wearing a chain mail (heavily wounded, chance to defeat MR: 46%)
The orc warrior resists with some effort.
Evoking this partially-identified wand wasted a few charges.
The orc warrior hits you with a battleaxe!
Ouch! That really hurt!
You die...

##.####.# #..##
##..###.###### ##..###
##........§o######..>.#
##..#######o5......##†#
#.....# ######....#.# #.....#
##..##.#### #..<..#
###).....##
##################..).....#
########........@o..........#
.........##########........##
########## ##......##
########


You could see an orc warrior.

Vanquished Creatures
  A killer bee (D:8)
  A giant frog zombie (D:8)
  A crimson imp (D:7)
  2 hounds
  A hobgoblin (D:2)
  A jackal (D:5)
  A giant cockroach (D:2)
  A giant newt (D:5)
9 creatures vanquished.

Notes
Turn   | Place    | Note
--------------------------------------------------------------
     0 | D:1      | 4thArraOfDagon the High Elf Fire Elementalist began the quest for the Orb.
     0 | D:1      | Reached XP level 1. HP: 11/11 MP: 4/4
   101 | D:5      | Entered Level 5 of the Dungeon
   101 | D:5      | Noticed an orc wizard
   101 | D:5      | Noticed an orc priest
   132 | D:4      | Noticed Sigmund
   166 | D:5      | Found a shadowy altar of Dithmenos.
   203 | D:4      | Noticed a hound
   212 | D:4      | Noticed an orc wizard
   214 | D:4      | Noticed an orc wizard
   217 | D:4      | Killed a hound
   217 | D:4      | Reached XP level 2. HP: 1/17 MP: 0/6
   217 | D:4      | Reached XP level 3. HP: 1/21 MP: 0/8
   250 | D:4      | Learned a level 3 spell: Conjure Flame
   301 | D:5      | Noticed a slave
   310 | D:5      | Noticed a worker ant
   327 | D:5      | Noticed a hound
   334 | D:5      | Killed a hound
   372 | D:5      | Noticed an ogre
   418 | D:5      | Noticed a worker ant
   452 | D:6      | Found Nauq's Distillery.
   461 | D:6      | Bought a potion of degeneration for 13 gold pieces
   502 | D:7      | Found a staircase to the Ecumenical Temple.
   689 | D:7      | Reached XP level 4. HP: 21/27 MP: 9/9
   695 | D:7      | Learned a level 4 spell: Sticky Flame
   744 | D:8      | Reached skill level 4 in Fire Magic
   783 | D:8      | Noticed an ice beast
   796 | D:8      | Noticed a two-headed ogre
   893 | D:8      | Noticed an orc warrior
   943 | Temple   | Entered the Ecumenical Temple
   951 | Temple   | Became a worshipper of Vehumet
  1020 | D:8      | Reached XP level 5. HP: 16/31 MP: 6/11
  1029 | D:8      | Mangled by an orc warrior

Vault maps used:
D:1:      dpeg_arrival_castle, serial_forest, infiniplex_forest_lined_ring,
          infiniplex_forest_lined_3, infiniplex_forest_straight_3,
          infiniplex_forest_lined_3, infiniplex_forest_clump_long,
          infiniplex_forest_straight_2
D:2:      lemuel_crystal_altar
D:4:      kennysheep_little_box, makhleb_blood_cavern_becter,
          kennysheep_mini_moat, grunt_ministairs_9, uniq_sigmund
D:5:      kiku_gazebo_garden_becter, overflow_temple_1_default,
          lemuel_round_altar, first_bread, uniq_menkaure, uniq_eustachio,
          uniq_pikel, uniq_grinder
D:6:      basic_altar, serial_shops, shop, enter_ossuary_3,
          kennysheep_another_room, vehumet_altar_wand_db, uniq_edmund
D:7:      kennysheep_big_flooded_room, minmay_temple_entry_from_below_a,
          hex_large
D:9:      lair_0_dummy, hangedman_ranch, uniq_erica
Temple:   eino_narrow_crystal_temple_b_12

Action                   |  1- 3 |  4- 6 || total
-------------------------+-------+-------++-------
Melee: Club              |     1 |       ||     1
       Quarterstaff      |     4 |    30 ||    34
 Cast: Flame Tongue      |    18 |       ||    18
       Conjure Flame     |       |     3 ||     3
       Sticky Flame      |       |     2 ||     2
Evoke: Wand              |       |     1 ||     1
  Use: Scroll            |     5 |     2 ||     7
       Potion            |       |     1 ||     1
  Eat: Fruit             |       |     1 ||     1
